 Dungeon Crawl Stone Soup version 0.27.0-1-g7a089689b8 (webtiles) character file.

Game seed: 7840201244404663849

94442 Majang the Fighter (level 16, -14/120 HPs)
             Began as a Djinni Ice Elementalist on Aug 10, 2021.
             Was the Champion of Makhleb.
             Killed from afar by an ice dragon (49 damage)
             ... with a blast of cold
             ... on level 1 of the Snake Pit on Aug 11, 2021.
             The game lasted 02:39:14 (23941 turns).

Majang the Fighter (Djinni Ice Elementalist)       Turns: 23941, Time: 02:39:16

Health: -14/120    AC: 17    Str:  7    XL:     16   Next: 60%
Gold:   389        EV: 16    Int: 27    God:    Makhleb [******] SH: 13 Dex: 17

rFire    + . .     SeeInvis .   E - +10 morningstar "Eos" {elec, Halo rElec}
rCold    . . .     Faith    .   h - +2 kite shield
rNeg     . . .     Spirit   .   y - +1 troll leather armour
rPois    ∞         Reflect  .   n - +1 helmet
rElec    +         Harm     .   G - scarf {shadows}
rCorr    .         Rampage  .   (no gloves)
Will     +....                  (boots unavailable)
Stlth    +.........             l - amulet of regeneration
HPRegen  2.30/turn              H - +6 ring of intelligence
MPRegen  0.00/turn              t - ring of ice

@: ice-armoured, flying, slightly contaminated, glowing
A: sickness immunity, fire resistance 2, cold vulnerability 1, float, innate
caster, hp casting, extra vitality 1
a: Renounce Religion, Minor Destruction, Lesser Servant of Makhleb, Major
Destruction, Greater Servant of Makhleb


You were on level 1 of the Snake Pit.
You worshipped Makhleb.
Makhleb was exalted by your worship.
You visited 5 branches of the dungeon, and saw 22 of its levels.

You collected 2153 gold pieces.
You spent 1764 gold pieces at shops.

Inventory:

Hand Weapons
 q - a +2 flail of holy wrath
 v - a +4 flail of chaos
 E - the +10 morningstar "Eos" (weapon) {elec, Halo rElec}
   (You found it on level 9 of the Dungeon)

   It occasionally discharges a powerful burst of electricity upon striking a
   foe.
   It grants its wielder a halo, increasing accuracy against those within it.
   rElec:     It insulates you from electricity.
Armour
 h - a +2 kite shield (worn)
 n - a +1 helmet (worn)
 y - a +1 troll leather armour (worn)
 G - a scarf of shadows (worn)
Magical Staves
 o - a staff of fire
Jewellery
 l - an amulet of regeneration (around neck)
 t - a ring of ice (right hand)
 H - a +6 ring of intelligence (left hand)
Wands
 b - a wand of acid (7)
 i - a wand of iceblast (14)
 u - a wand of flame (51)
 x - a wand of mindburst (5)
 J - a wand of digging (7)
Scrolls
 f - 6 scrolls of magic mapping
 g - 4 scrolls of identify
 z - 2 scrolls of immolation
 A - 4 scrolls of teleportation
 B - 2 scrolls of blinking
 C - a scroll of summoning
 F - 2 scrolls of fog
Potions
 c - a potion of mutation
 d - 2 potions of brilliance
 e - a potion of haste
 j - 14 potions of curing
 k - 3 potions of lignification
 m - a potion of might
 w - a potion of invisibility
 D - a potion of cancellation
Miscellaneous
 I - a phial of floods


   Skills:
 * Level 12.9 Fighting
 + Level 7.9 Maces & Flails
 + Level 3.0 Armour
 + Level 10.6 Dodging
 - Level 1.5 Stealth
 + Level 9.4 Shields
 * Level 11.6 Spellcasting
 + Level 9.2 Invocations
 + Level 9.4 Evocations


You had 2 spell levels left.
You knew the following spells:

 Your Spells              Type           Power      Damage    Failure   Level
a - Ozocubu's Armour      Ice            87%        N/A       1%          3
b - Eringya's Noxious Bo  Tmut/Pois      34%        N/A       14%         6
f - Freeze                Ice            100%       1d11      1%          1
h - Hailstorm             Conj/Ice       87%        3d17      1%          4
r - Frozen Ramparts       Ice            100%       1d12      1%          3
u - Dispel Undead         Necr           68%        3d23      1%          4
x - Dazzling Flash        Conj/Hex       100%       N/A       1%          3
z - Shock                 Conj/Air       100%       1d9       1%          1
Q - Silence               Hex/Air        34%        N/A       2%          5
X - Slow                  Hex            68%        N/A       1%          2
Z - Ice Form              Ice/Tmut       87%        N/A       1%          4
Your spell library was empty.

Dungeon Overview and Level Annotations

Branches:
Dungeon (12/15)            Temple (1/1) D:5            Lair (6/6) D:8
 Shoals (0/4) Lair:4        Snake (1/4) Lair:2        Slime (0/5) Lair:6
    Orc (2/2) D:11            Elf (0/3) Orc:2

Altars:
Ashenzari
Cheibriados
Dithmenos
Elyvilon
Fedhas
Gozag
Hepliaklqana
Kikubaaqudgha
Makhleb
Nemelex Xobeh
Okawaru
Qazlal
Ru
Sif Muna
Trog
Uskayaw
Vehumet
Wu Jian
Xom
Yredelemnul
Zin
The Shining One
Beogh

Shops:
D:7 *   D:10 [   Orc:2 =(*:

Portals:
Abyss: Lair:4
Ice
Cave: Snake:1

Annotations:
Lair:1 exclusion: 3 oklob plants
Lair:2 exclusion: oklob plant
Lair:4 2 transporters, Zaegoraum's ghost, journeyman DsAK
Lair:5 3 runed translucent doors, Mumum's ghost, journeyman DrFE; Panli's ghost, journeyman CeAM; Ribudoz's ghost, journeyman GnFi


Innate Abilities, Weirdness & Mutations

You are immune to sickness and miasma.
You are immune to poison.
Your flesh is very heat resistant. (rF++)
You are vulnerable to cold. (rC-)
You float through the air rather than walking.
You learn spells naturally, not from books.
Your magical power is your life essence.
You have superior vitality. (+4 HP)


Message History

Aiming: Corrosive Bolt
Press: ? - help, Shift-Dir - straight line, f/p - ice dragon
Aim: an ice dragon (moderately wounded, covered in acid, haloed, 87% to hit)
The bolt of acid hits the ice dragon!
The ice dragon is splashed with acid.
The ice dragon seems to be corroded for longer.
The ice dragon is heavily wounded.
Unknown command.
Casting: Eringya's Noxious Bog (dangerous; 14% risk of failure)
Confirm with . or Enter, or press ? or * to list all spells.
Casting: Eringya's Noxious Bog (dangerous; 14% risk of failure)
Press: ? - help, Dir - look around, f - activate You miscast Eringya's Noxious Bog.
You are very lightly contaminated with residual magic.
Your body is flooded with distortional energies.
The ice dragon breathes frost at you. The blast of cold hits you!
You hear a shout! x3
Casting: Eringya's Noxious Bog (dangerous; 14% risk of failure)
Confirm with . or Enter, or press ? or * to list all spells.
Casting: Eringya's Noxious Bog (dangerous; 14% risk of failure)
Press: ? - help, Dir - look around, f - activate Look: an ice dragon (moderately wounded, covered in acid, haloed)
You miscast Eringya's Noxious Bog.
You are lightly contaminated with residual magic.
You feel odd. You resist. The ice dragon bites you! The ice dragon claws you!
You block the ice dragon's attack. The ice dragon breathes frost at you.
The blast of cold hits you!! The ice dragon breathes frost at you.
The blast of cold hits you!!!
* * * LOW HITPOINT WARNING * * *
You hear a shout!
Unknown command.
Casting: Eringya's Noxious Bog (dangerous; 14% risk of failure)
Confirm with . or Enter, or press ? or * to list all spells.
You feel a surge of power! A film of ice covers your body!
* * * LOW HITPOINT WARNING * * *
The ice dragon breathes frost at you. The blast of cold hits you!!!
You die...

.. ... #.. #.####
#....# #...# #####
#..#########.....
#..#...............
#..#
##.....D.@...... #∩
#...##.........
######.........
#.........
##....#### ##...#
#...#######...
###..........#
##........#


You could see an ice dragon (catching breath, corroded).

Vanquished Creatures
  2 dire elephants (Lair:6)
  2 fire dragons
  12 hydras
  Josephine (Orc:1)
  5 boulder beetles
  A catoblepas (Lair:6)
  5 two-headed ogres
  A death knight (D:9)
  2 death yaks (Lair:6)
  A naga sharpshooter (Snake:1)
  Nergalle (D:11)
  Sonja (D:11)
  A fire crab (Lair:4)
  A swamp dragon (Lair:6)
  2 lindwurms (Lair:6)
  A wolf spider zombie (D:11)
  4 deep elf pyromancers
  2 oklob plants (Lair:1)
  8 orc knights (Orc:2)
  3 cyclopes
  A mana viper (Snake:1)
  2 orc sorcerers
  4 manticores
  16 black mambas
  13 elephants
  9 cane toads
  3 torpor snails
  A naga mage (Snake:1)
  Maggie (D:6)
  A gargoyle (D:12)
  5 rime drakes
  Psyche (D:8)
  An unseen horror (D:12)
  A kobold demonologist (D:12)
  A tengu conjurer (D:9)
  7 komodo dragons
  2 hellwings (D:11)
  5 trolls
  2 polar bears
  2 hornets (D:9)
  3 slime creatures (D:12)
  13 blink frogs
  Grinder (D:3)
  17 dream sheep
  Sigmund (D:6)
  A shadow (D:10)
  7 wraiths
  4 wyverns
  72 yaks
  9 basilisks
  3 steam dragons
  4 vampire mosquitoes (D:12)
  9 wargs
  Edmund (D:4)
  Menkaure (D:4)
  2 acid dragons (D:10)
  8 nagas
  20 water moccasins
  4 swamp drakes (Lair:6)
  39 orc warriors
  A sky beast (D:6)
  A black bear (Lair:5)
  3 ogres
  11 centaurs
  28 wolves
  A phantom (D:7)
  4 kobold brigands
  Blork the orc (D:5)
  19 bullfrogs
  2 gnoll sergeants
  3 scorpions
  2 wyvern skeletons (D:6)
  6 killer bees
  4 wights (D:7)
  4 electric eels
  5 howler monkeys
  7 centaur zombies
  2 lava snakes (D:9)
  9 orc priests
  2 jellies
  8 hounds
  A bullfrog skeleton (D:5)
  Ijyb (D:3)
  5 iguanas
  15 orc wizards
  A killer bee zombie (D:6)
  A centaur simulacrum (D:9)
  A hound skeleton (D:4)
  3 howler monkey zombies
  Robin (D:3)
  8 gnolls
  4 adders
  5 shadow imps (D:11)
  An ufetubus (D:6)
  An adder skeleton (D:4)
  2 worms (D:2)
  3 dart slugs (D:1)
  54 orcs
  6 ball pythons
  5 bats
  9 endoplasms
  2 giant cockroaches
  6 hobgoblins
  4 jackals (D:1)
  19 kobolds
  2 quokkas
  13 frilled lizards
  19 goblins
  4 rats
672 creatures vanquished.

Vanquished Creatures (others)
  An anaconda (Snake:1)
  A boulder beetle (D:12)
  A death yak (Lair:6)
  A black mamba (Snake:1)
  An elephant (Lair:6)
  3 dream sheep (Lair:6)
  An endoplasm (D:1)
  35 fungi
  61 plants
  3 withered plants (D:11)
108 creatures vanquished.

Grand Total: 780 creatures vanquished

Notes
Turn   | Place    | Note
-------+----------+-------------------------------------------
     0 | D:1      | Majang the Djinni Ice Elementalist began the quest for the
                  | Orb.
     0 | D:1      | Reached XP level 1. HP: 15/15 MP: 0/0
   137 | D:1      | Reached XP level 2. HP: 16/21 MP: 0/0
   470 | D:1      | Reached XP level 3. HP: 18/25 MP: 0/0
   470 | D:1      | Learned a level 1 spell: Shock
  1703 | D:2      | Reached XP level 4. HP: 28/31 MP: 0/0
  2646 | D:3      | Noticed Grinder
  2666 | D:3      | Killed Grinder
  2667 | D:3      | Reached skill level 5 in Spellcasting
  2667 | D:3      | Reached XP level 5. HP: 11/35 MP: 0/0
  2667 | D:3      | Learned a level 2 spell: Slow
  2667 | D:3      | Reached XP level 6. HP: 13/40 MP: 0/0
  2997 | D:3      | Noticed Robin
  3004 | D:3      | Killed Robin
  3176 | D:3      | Noticed Ijyb
  3187 | D:3      | Killed Ijyb
  3996 | D:3      | Reached skill level 1 in Fighting
  3996 | D:3      | Reached XP level 7. HP: 44/47 MP: 0/0
  3996 | D:3      | Learned a level 3 spell: Dazzling Flash
  4146 | D:4      | Noticed Menkaure
  4152 | D:4      | Killed Menkaure
  4153 | D:4      | Reached skill level 1 in Shields
  4518 | D:4      | Found a basalt altar of Yredelemnul.
  4562 | D:4      | Reached skill level 1 in Evocations
  4640 | D:4      | Reached skill level 2 in Fighting
  4640 | D:4      | Reached skill level 1 in Maces & Flails
  4694 | D:4      | Noticed Edmund
  4715 | D:4      | Killed Edmund
  5166 | D:5      | Entered Level 5 of the Dungeon
  5170 | D:5      | Found a staircase to the Ecumenical Temple.
  5179 | Temple   | Entered the Ecumenical Temple
  5218 | Temple   | Became a worshipper of Makhleb the Destroyer
  5239 | D:5      | Found a bloodstained altar of Trog.
  5240 | D:5      | Noticed Blork the orc
  5265 | D:5      | Killed Blork the orc
  5266 | D:5      | Reached XP level 8. HP: 33/55 MP: 0/0
  6113 | D:6      | Reached skill level 3 in Fighting
  6222 | D:6      | Noticed Sigmund
  6237 | D:6      | Reached skill level 1 in Invocations
  6238 | D:6      | Killed Sigmund
  6573 | D:6      | Noticed Maggie
  6585 | D:6      | Killed Maggie
  6586 | D:6      | Reached skill level 4 in Fighting
  6586 | D:6      | Reached XP level 9. HP: 39/62 MP: 0/0
  6586 | D:6      | Learned a level 4 spell: Ice Form
  7526 | D:7      | Reached * piety under Makhleb
  7591 | D:7      | Found Byresk's CLEARANCE SALE! EVERYTHING MUST GO!.
  7892 | D:7      | Found a stormy altar of Qazlal.
  7897 | D:7      | Found a blossoming altar of Fedhas.
  8289 | D:7      | Reached skill level 5 in Fighting
  8531 | D:8      | Noticed Psyche
  8643 | D:8      | Killed Psyche
  8644 | D:8      | Reached XP level 10. HP: 47/70 MP: 0/0
  9015 | D:8      | Found a staircase to the Lair.
  9042 | D:8      | Reached skill level 5 in Dodging
  9419 | D:8      | Reached skill level 6 in Fighting
  9419 | D:8      | Reached ** piety under Makhleb
  9943 | Lair:1   | Entered Level 1 of the Lair of Beasts
 10200 | Lair:1   | Noticed a black mamba
 10214 | Lair:1   | Killed a black mamba
 10390 | Lair:1   | Found a stormy altar of Qazlal.
 10395 | Lair:1   | Noticed an oklob plant
 10444 | Lair:1   | Killed an oklob plant
 10530 | Lair:1   | Noticed a black mamba
 10538 | Lair:1   | Killed a black mamba
 10539 | Lair:1   | Reached XP level 11. HP: 59/78 MP: 0/0
 10539 | Lair:1   | Learned a level 4 spell: Dispel Undead
 10629 | Lair:1   | Reached skill level 7 in Fighting
 10848 | Lair:1   | Noticed a five-headed hydra
 10858 | Lair:1   | Reached skill level 5 in Shields
 10862 | Lair:1   | Killed a five-headed hydra
 10863 | Lair:1   | Reached skill level 5 in Evocations
 11073 | Lair:1   | Noticed an oklob plant
 11213 | Lair:1   | Noticed an oklob plant
 11216 | Lair:1   | Noticed an oklob plant
 11216 | Lair:1   | Noticed an oklob plant
 11221 | Lair:1   | Killed an oklob plant
 12204 | Lair:2   | Reached skill level 5 in Invocations
 12317 | Lair:2   | Reached skill level 8 in Fighting
 12611 | Lair:2   | Reached XP level 12. HP: 86/86 MP: 0/0
 12614 | Lair:2   | Reached *** piety under Makhleb
 12812 | Lair:2   | Identified the +1 leather armour of Disappointment {Dex+2
                  | Stlth+}
 12935 | Lair:2   | Noticed a five-headed hydra
 12954 | Lair:2   | Killed a five-headed hydra
 12955 | Lair:2   | Reached skill level 5 in Maces & Flails
 13192 | Lair:2   | Reached skill level 9 in Fighting
 13308 | Lair:2   | Found a staircase to the Snake Pit.
 13654 | Lair:3   | Reached **** piety under Makhleb
 13773 | Lair:3   | Noticed a six-headed hydra
 13777 | Lair:3   | Reached XP level 13. HP: 77/94 MP: 0/0
 13777 | Lair:3   | Learned a level 5 spell: Silence
 13779 | Lair:3   | Killed a six-headed hydra
 13807 | Lair:3   | Noticed a five-headed hydra
 13816 | Lair:3   | Killed a five-headed hydra
 14279 | Lair:3   | Identified the +6 dagger of Defence by Offence {pain,
                  | Dex+6}
 14462 | Lair:4   | Reached skill level 10 in Fighting
 14618 | Lair:4   | Noticed a white very ugly thing
 14647 | Lair:4   | Reached ***** piety under Makhleb
 14692 | Lair:4   | Noticed an eight-headed hydra
 14703 | Lair:4   | Killed an eight-headed hydra
 14954 | Lair:4   | Noticed a boulder beetle
 14967 | Lair:4   | Killed a boulder beetle
 15072 | Lair:4   | You are sucked into a shaft and drop 1 floor!
 15102 | Lair:5   | Noticed a four-headed hydra
 15104 | Lair:5   | Reached skill level 10 in Spellcasting
 15109 | Lair:5   | Killed a four-headed hydra
 15110 | Lair:5   | Reached XP level 14. HP: 70/103 MP: 0/0
 15326 | Lair:4   | Found a staircase to the Shoals.
 15510 | Lair:4   | Found a transporter.
 15573 | Lair:4   | Found a one-way gate to the infinite horrors of the Abyss.
 15573 | Lair:4   | Noticed Zaegoraum's ghost (journeyman DsAK)
 15589 | Lair:4   | Found a transporter.
 15986 | Lair:5   | Found a runed translucent door.
 16428 | Lair:5   | Found a runed translucent gate.
 16428 | Lair:5   | Found a runed translucent gate.
 16428 | Lair:5   | Found a runed translucent gate.
 16429 | Lair:5   | Noticed Mumum's ghost (journeyman DrFE)
 16430 | Lair:5   | Noticed Ribudoz's ghost (journeyman GnFi)
 16430 | Lair:5   | Noticed Panli's ghost (journeyman CeAM)
 16430 | Lair:5   | Noticed Mumum's ghost (journeyman DrFE)
 16719 | Lair:5   | Reached skill level 11 in Fighting
 16773 | Lair:6   | Entered Level 6 of the Lair of Beasts
 16827 | Lair:6   | Found a staircase to the Slime Pits.
 16930 | Lair:6   | Noticed a dire elephant
 16944 | Lair:6   | Reached ****** piety under Makhleb
 16946 | Lair:6   | Killed a dire elephant
 17112 | Lair:6   | Reached XP level 15. HP: 107/111 MP: 0/0
 17112 | Lair:6   | Learned a level 6 spell: Eringya's Noxious Bog
 18316 | D:9      | Found a shadowy altar of Dithmenos.
 18336 | D:9      | Reached skill level 12 in Fighting
 18639 | D:9      | Identified the +1 leather armour of Todul {MP+9 Stlth+}
 18770 | D:9      | Reached skill level 10 in Dodging
 18920 | D:9      | Found an opulent altar of Gozag.
 19342 | D:9      | Found the +10 morningstar "Eos" {elec, Halo rElec}
 19343 | D:9      | Identified the +2 long sword of Valuable Assets {freeze,
                  | Drain rElec Will+}
 19504 | D:10     | Entered Level 10 of the Dungeon
 19797 | D:10     | Found Ximoalu's Armour Boutique.
 20299 | D:11     | Reached skill level 1 in Armour
 20493 | D:11     | Noticed Sonja
 20498 | D:11     | Killed Sonja
 20605 | D:11     | Reached XP level 16. HP: 120/120 MP: 0/0
 20690 | D:11     | Noticed Nergalle
 20694 | D:11     | Killed Nergalle
 20906 | D:11     | Found a staircase to the Orcish Mines.
 21064 | Orc:1    | Entered Level 1 of the Orcish Mines
 21068 | Orc:1    | Noticed Josephine
 21074 | Orc:1    | Killed Josephine
 21329 | Orc:2    | Entered Level 2 of the Orcish Mines
 21630 | Orc:2    | Found a burning altar of Makhleb.
 21809 | Orc:2    | Found a staircase to the Elven Halls.
 22081 | Orc:2    | Found Gogijeav's Book Shoppe.
 22081 | Orc:2    | Found Noquut's General Store.
 22131 | Orc:2    | Found Ennumin's Weapon Shoppe.
 22131 | Orc:2    | Found Vis Ybup's Jewellery Shop.
 22155 | Orc:2    | Bought a ring of ice for 375 gold pieces
 22156 | Orc:2    | Bought a +6 ring of intelligence for 877 gold pieces
 22198 | Orc:2    | Bought a scroll of magic mapping for 56 gold pieces
 22198 | Orc:2    | Bought a scroll of teleportation for 48 gold pieces
 22198 | Orc:2    | Bought a scroll of magic mapping for 56 gold pieces
 22198 | Orc:2    | Bought a wand of digging (7) for 352 gold pieces
 23574 | Snake:1  | Entered Level 1 of the Snake Pit
 23928 | Snake:1  | Found a frozen archway.
 23941 | Snake:1  | Killed from afar by an ice dragon

Illustrated notes

Levels and vault maps discovered:
D:1:      nicolae_arrival_washed_ashore, layout_basic, lemuel_old_faithful
D:2:      layout_basic
D:3:      layout_basic, minmay_lizard_king, uniq_ijyb, uniq_robin, uniq_grinder
D:4:      layout_gridville, mainiacjoe_overflow_boulevard, uniq_menkaure,
          uniq_edmund
D:5:      layout_loops_cross, mainiacjoe_overflow_small_starburst,
          temple_fountains, uniq_blork_the_orc
D:6:      layout_basic, kennysheep_crisscross, uniq_sigmund, uniq_maggie
D:7:      layout_rooms, grunt_temple_overflow_forces_of_nature,
          lemuel_tele_altar, nicolae_shop_clearance
D:8:      layout_loops_ring, erik_lair_island, amcnicky_mini_corridor_feature,
          uniq_psyche
D:9:      minmay_the_grid_square_5x5_4x4
          [minmay_the_grid_square_5x5_beaten_path,
          minmay_the_grid_square_5x5_three_walls,
          minmay_the_grid_square_5x5_empty, minmay_the_grid_square_5x5_mess,
          minmay_the_grid_square_5x5_fancy_junction,
          minmay_the_grid_square_5x5_prize_pseudospiral,
          minmay_the_grid_square_5x5_prize_open,
          minmay_the_grid_square_5x5_bridge, minmay_the_grid_square_5x5_forky,
          minmay_the_grid_square_5x5_prize_open,
          minmay_the_grid_square_5x5_prize_snowflake,
          minmay_the_grid_square_5x5_slash, minmay_the_grid_square_5x5_shrine1,
          minmay_the_grid_square_5x5_comb, minmay_the_grid_square_5x5_bite,
          minmay_the_grid_square_5x5_shuriken], layout_basic,
          nicolae_gozag_cash_rules_everything_around_me, kennysheep_island_fort
D:10:     layout_irregular_city, serial_shops, nicolae_shop_statue_plus
D:11:     cheibrodos_grave_circle, layout_loops_ring, david_orc_4, uniq_sonja,
          uniq_nergalle
D:12:     layout_loops_ring, nicolae_two_hexagons
Temple:   lightli_temple_of_artemis
Lair:1:   layout_big_grid, chequers_serial_rivers_room_a, lemuel_oklob_altar,
          grunt_megastairs_3, minmay_lair_oklob_chamber
Lair:2:   nzn_winding_woodlands_medium [nzn_winding_woodlands_hourglass,
          nzn_winding_woodlands_5x15_zeroes,
          nzn_winding_woodlands_5x5_perimeter,
          nzn_winding_woodlands_5x5_checkerboard,
          nzn_winding_woodlands_center_triple_pond,
          nzn_winding_woodlands_5x5_three,
          nzn_winding_woodlands_5x5_closed_star,
          nzn_winding_woodlands_5x15_parted, nzn_winding_woodlands_5x5_cross],
          layout_hall_layers, minmay_snake_entry_guardpost_medium,
          grunt_megastairs_4, infiniplex_staircase_pool_2
Lair:3:   layout_cave_pods
Lair:4:   layout_cave_shapes, minmay_shoals_entry_centaurs,
          gammafunk_ghost_abyssal_escape, wad_woods_river_01
Lair:5:   layout_cave_pods, gammafunk_ghost_cemetery, pf_torpor_hydra,
          lemuel_fruit_tree
Lair:6:   guppyfry_lair_end_dragon, layout_regular_city,
          hangedman_lair_in_review, nicolae_slime_entry_slimehenge
Snake:1:  layout_grid_shapes, portal_ice_cave_entry_dragon, st_stairs_11,
          uniq_donald
Orc:1:    layout_diamond_mine, uniq_josephine
Orc:2:    st_orc_town, layout_caves, basic_altar

Skill      XL: |  1  2  3  4  5  6  7  8  9 10 11 12 13 14 15 16 |
---------------+-------------------------------------------------+-----
Spellcasting   | 4 5 6 7 8 9 10 11 | 11.6
Fighting       | 1 2 4 5 6 8 9 10 11 12 | 12.9
Shields        | 1 2 3 4 5 6 7 8 9 |  9.4
Evocations     | 1 2 3 4 5 6 7 8 9 |  9.4
Maces & Flails | 1 2 3 4 5 6 7 |  7.9
Dodging        | 3 4 5 6 7 8 9 10 | 10.6
Invocations    | 2 3 4 5 6 7 8 9 |  9.2
Armour         | 1 3 |  3.0
Stealth        | |  1.5

Action                   |  1- 3 |  4- 6 |  7- 9 | 10-12 | 13-15 | 16-18 || total
-------------------------+-------+-------+-------+-------+-------+-------++-------
Melee: Dagger            |     4 |       |       |       |       |       ||     4
       Club              |     7 |    19 |    24 |    79 |   250 |       ||   379
       Morningstar       |       |       |       |       |    36 |    81 ||   117
 Cast: Freeze            |    37 |     8 |     8 |    30 |    23 |       ||   106
       Frozen Ramparts   |     3 |    20 |    25 |    48 |    98 |    42 ||   236
       Shock             |       |    29 |   115 |   121 |    70 |     9 ||   344
       Ozocubu's Armour  |       |     2 |    19 |    32 |    70 |    32 ||   155
       Hailstorm         |       |       |    20 |    88 |   226 |   110 ||   444
       Eringya's Noxious |       |       |       |       |     1 |     4 ||     5
       Dazzling Flash    |       |       |       |       |     1 |       ||     1
Evoke: Wand              |       |       |     2 |     5 |    30 |     5 ||    42
  Use: Potion            |       |     1 |       |       |     1 |       ||     2
       Scroll            |       |       |     9 |     8 |    10 |     6 ||    33
 Stab: Sleeping          |     3 |       |       |       |       |       ||     3
       Confused          |       |       |       |       |     1 |       ||     1
Armor: Robe              |     6 |     8 |    13 |    17 |       |       ||    44
       Leather armour    |       |       |       |    29 |    98 |       ||   127
       Troll leather arm |       |       |       |       |    22 |    14 ||    36
       Steam dragon scal |       |       |       |       |    16 |       ||    16
Dodge: Dodged            |    14 |    17 |    34 |    95 |   271 |    60 ||   491
Block: Buckler           |       |       |       |    40 |     7 |       ||    47
       Kite shield       |       |       |       |       |   251 |    72 ||   323
